[Event "ICCopen2017"]
[Site "Internet Chess Club"]
[Date "2017.04.02"]
[Round "4"]
[White "nekochabo"]
[Black "Machinegun"]
[Result "1-0"]
[ICCResult "Black forfeits on time"]
[WhiteElo "2689"]
[BlackElo "2399"]
[Opening "English opening"]
[ECO "A05"]
[NIC "QP.11"]
[Time "19:40:45"]
[TimeControl "180+0"]

1. Nf3 Nf6 2. c4 c6 3. e3 g6 4. Nc3 Bg7 5. d4 O-O 6. Be2 d6 7. O-O Nbd7 8.
b3 a5 9. Bb2 e5 10. Qc2 exd4 11. Nxd4 Re8 12. Rad1 Nc5 13. Rfe1 Qe7 14. Bf1
Ng4 15. h3 Ne5 16. a3 f5 17. b4 axb4 18. axb4 Ne6 19. b5 Bd7 20. f4 Nf7 21.
Qd2 Nxd4 22. exd4 Qh4 23. Rxe8+ Rxe8 24. Ba3 Bh6 25. Bc1 Ra8 26. bxc6 bxc6
27. Ne2 Be6 28. d5 cxd5 29. cxd5 Bd7 30. Nd4 Ra4 31. Ne6 Qg3 32. Qf2 Qb3 33.
Qe2 Re4 34. Qd3 Qb6+ 35. Kh2 Bxe6 36. dxe6 Rxe6 37. Qd5 Re7 38. Bc4 Qf2 39.
Rf1 Qc2 40. Be3 Qe4 41. Bd2 Qxd5 42. Bxd5 Re2 43. Bc3 Bg7 44. Bb4 Bf8 45.
Rc1 Re7 46. Rc8 Kg7 47. Bc3+ Kg8 48. Bf6 {Black forfeits on time} 1-0

[Event "ICCopen2017"]
[Site "Internet Chess Club"]
[Date "2017.04.02"]
[Round "4"]
[White "TaijiChess22"]
[Black "bythebook"]
[Result "1-0"]
[ICCResult "Black forfeits on time"]
[WhiteElo "1781"]
[BlackElo "1568"]
[Opening "Caro-Kann: exchange variation"]
[ECO "B13"]
[NIC "CK.02"]
[Time "19:40:52"]
[TimeControl "180+0"]

1. e4 c6 2. d4 d5 3. exd5 cxd5 4. Bd3 Nf6 5. Bf4 g6 6. Ne2 Bg7 7. O-O O-O 8.
c3 Nc6 9. Nd2 Bf5 10. Bxf5 gxf5 11. Nf3 Ne4 12. Ng3 e6 13. Re1 Kh8 14. Qe2
Rg8 15. Ne5 Nxe5 16. Bxe5 Qh4 17. Nxe4 Bxe5 18. dxe5 fxe4 19. f3 exf3 20.
Qxf3 Rg7 21. Re2 Rag8 22. Rf1 b5 23. Kh1 a5 24. Qf6 Qg4 25. Ref2 b4 26. cxb4
axb4 27. Qf3 Qxf3 28. gxf3 Rc8 29. f4 Rg4 30. h3 Rh4 31. Kh2 Rc4 32. b3 Rc3
33. Rf3 Rc2+ 34. R1f2 Rc3 35. Rxc3 bxc3 36. Kg3 {Black forfeits on time} 1-0

[Event "ICCopen2017"]
[Site "Internet Chess Club"]
[Date "2017.04.02"]
[Round "4"]
[White "BlueGreen"]
[Black "gannikus1992"]
[Result "1-0"]
[ICCResult "Black resigns"]
[WhiteElo "2729"]
[BlackElo "2463"]
[Opening "English opening"]
[ECO "A05"]
[NIC "QP.11"]
[Time "19:41:27"]
[TimeControl "180+0"]

1. Nf3 Nf6 2. c4 g6 3. b3 Bg7 4. Bb2 O-O 5. g3 c5 6. Bg2 Nc6 7. O-O d6 8. d3
Bg4 9. Nbd2 Qd7 10. Re1 Bh3 11. Bh1 e5 12. Ne4 Nxe4 13. dxe4 h6 14. Qd2 Rad8
15. Rad1 f5 16. exf5 Qxf5 17. Qe3 Nd4 18. Nh4 Qf6 19. Be4 Bf5 20. Nxf5 gxf5
21. Bd5+ Kh8 22. Qc1 f4 23. Bxd4 cxd4 24. Rf1 b6 25. Qc2 Qg5 26. Qe4 h5 27.
Kh1 Bh6 28. Rg1 Rd7 29. gxf4 Qxf4 30. Qg6 h4 31. Rg4 Qf6 32. Qh5 Rh7 33.
Rdg1 Bg7 34. Qg6 Qxg6 35. Rxg6 Rxf2 36. Rxd6 Rh6 37. Rd8+ Rf8 38. Rxf8+ Bxf8
39. Rg8+ Kh7 40. Rxf8 {Black resigns} 1-0

[Event "ICCopen2017"]
[Site "Internet Chess Club"]
[Date "2017.04.02"]
[Round "4"]
[White "markovichgoran"]
[Black "Pashket"]
[Result "0-1"]
[ICCResult "White resigns"]
[WhiteElo "2398"]
[BlackElo "2650"]
[Opening "French: Steinitz, Boleslavsky variation"]
[ECO "C11"]
[NIC "FR.04"]
[Time "19:41:11"]
[TimeControl "180+0"]

1. e4 e6 2. d4 d5 3. Nc3 Nf6 4. e5 Nfd7 5. f4 c5 6. Nf3 Nc6 7. Be3 Be7 8.
Qd2 O-O 9. Be2 b6 10. Bb5 Qc7 11. f5 cxd4 12. Nxd4 Ndxe5 13. Bf4 Nxd4 14.
Qxd4 Bf6 15. O-O-O a6 16. Rhe1 axb5 17. Bxe5 Bxe5 18. Rxe5 b4 19. Nb1 exf5
20. Rxd5 Be6 21. Rd6 Rfc8 22. c3 bxc3 23. Nxc3 b5 24. a3 h6 25. h3 Rab8 26.
g4 fxg4 27. hxg4 Qc4 28. Qe5 b4 29. axb4 Qxb4 30. R1d2 Qxg4 31. R6d4 Qg5 32.
Qe4 Rxc3+ 33. bxc3 Bf5 {White resigns} 0-1

[Event "ICCopen2017"]
[Site "Internet Chess Club"]
[Date "2017.04.02"]
[Round "4"]
[White "intermaster"]
[Black "BenkoChess"]
[Result "1-0"]
[ICCResult "Black resigns"]
[WhiteElo "2213"]
[BlackElo "1833"]
[Opening "Sicilian: Kan, 5.Nc3"]
[ECO "B43"]
[NIC "SI.41"]
[Time "19:40:58"]
[TimeControl "180+0"]

1. e4 c5 2. Nf3 e6 3. d4 cxd4 4. Nxd4 a6 5. Nc3 b5 6. Be3 Bb7 7. f3 Nf6 8.
Qd2 d5 9. e5 Nfd7 10. f4 b4 11. Nd1 Nc6 12. Nf2 Rc8 13. O-O-O b3 14. Nxb3
Nb4 15. c3 a5 16. Kb1 Nc6 17. Bb5 Be7 18. Nd3 O-O 19. Rhf1 Qc7 20. Qf2 Qb8
21. a4 Ba8 22. Nd4 Nxd4 23. Bxd4 Rc7 24. f5 exf5 25. Qxf5 Nc5 26. Nxc5 Bxc5
27. e6 Bxd4 28. cxd4 fxe6 29. Qxe6+ Kh8 30. Rxf8+ Qxf8 31. Rf1 Qg8 32. Qd6
Rc8 33. Bd7 Rd8 34. Qe7 h6 35. Be6 Qe8 36. Qxe8+ Rxe8 37. Re1 Bc6 38. Re5
Bxa4 39. Bxd5 Rd8 40. b3 Bb5 41. Kb2 Bd3 42. Kc3 Bf1 43. Bf3 Rc8+ 44. Kd2
Bb5 45. Rxb5 Rd8 46. d5 Re8 47. Rxa5 {Black resigns} 1-0

[Event "ICCopen2017"]
[Site "Internet Chess Club"]
[Date "2017.04.02"]
[Round "4"]
[White "Capablancacom"]
[Black "sonofmarabu"]
[Result "0-1"]
[ICCResult "White resigns"]
[WhiteElo "1316"]
[BlackElo "1700"]
[Opening "Queen's pawn game"]
[ECO "D00"]
[NIC "QP.08"]
[Time "19:41:09"]
[TimeControl "180+0"]

1. d4 d5 2. f4 f5 3. g3 g6 4. Bg2 Bg7 5. Nd2 e6 6. Ngf3 Nf6 7. Ne5 Nbd7 8.
c3 O-O 9. O-O Ne4 10. Ndf3 Ndf6 11. Qb3 c6 12. Re1 Re8 13. e3 Qb6 14. Qxb6
axb6 15. a3 Bf8 16. Rb1 Bd6 17. b4 Re7 18. Bb2 Bd7 19. Nxd7 Rxd7 20. Ne5
Rdd8 21. Rbc1 Nd7 22. c4 Nxe5 23. fxe5 Be7 24. cxd5 exd5 25. Bxe4 fxe4 26.
Rf1 b5 27. Rf2 Rf8 28. Rcf1 Kg7 29. Rxf8 Rxf8 30. Rxf8 Bxf8 31. g4 Be7 32.
Kg2 Bh4 33. Kh3 Be1 34. Bc1 Bc3 35. Kg3 Kf7 36. Kf4 h6 37. h4 Ke6 38. g5 h5
39. Kg3 Be1+ 40. Kh3 b6 41. Bb2 Bd2 {White resigns} 0-1

[Event "ICCopen2017"]
[Site "Internet Chess Club"]
[Date "2017.04.02"]
[Round "4"]
[White "Jude"]
[Black "supermouse"]
[Result "0-1"]
[ICCResult "White resigns"]
[WhiteElo "1930"]
[BlackElo "2609"]
[Opening "Caro-Kann: two knights, 3...Bg4"]
[ECO "B11"]
[NIC "CK.01"]
[Time "19:41:00"]
[TimeControl "180+0"]

1. e4 c6 2. Nc3 d5 3. Nf3 Bg4 4. h3 Bxf3 5. Qxf3 e6 6. Be2 d4 7. Nb1 c5 8.
O-O Nc6 9. Bb5 Ne7 10. d3 a6 11. Bxc6+ Nxc6 12. Qg3 g6 13. a3 Bd6 14. f4 O-O
15. Nd2 f5 16. e5 Be7 17. Nf3 b5 18. Bd2 c4 19. Qh2 Qd5 20. g4 Rac8 21. g5
Nb8 22. Qg2 Nd7 23. Rfc1 Rc6 24. Ne1 Nb6 25. Qxd5 Nxd5 26. a4 Rfc8 27. axb5
axb5 28. dxc4 bxc4 29. Ra7 c3 30. bxc3 dxc3 31. Be3 Nxe3 32. Rxe7 Nd5 33.
Rd7 Nxf4 34. Ra1 R6c7 35. Ra7 Rxa7 36. Rxa7 Nxh3+ 37. Kh2 Nxg5 38. Nd3 Nf3+
39. Kg3 Nd4 40. Kf4 Nxc2 41. Kg5 Ne3 42. Nf4 c2 43. Nxe6 c1=Q 44. Kf6 Ng4+
45. Ke7 Qb2 {White resigns} 0-1

[Event "ICCopen2017"]
[Site "Internet Chess Club"]
[Date "2017.04.02"]
[Round "4"]
[White "lsokol"]
[Black "SIRPALADIN"]
[Result "1-0"]
[ICCResult "Black resigns"]
[WhiteElo "2342"]
[BlackElo "1859"]
[Opening "Bogo-Indian defense, Grünfeld variation"]
[ECO "E11"]
[NIC "QI.01"]
[Time "19:41:49"]
[TimeControl "180+0"]

1. d4 Nf6 2. c4 e6 3. Nf3 Bb4+ 4. Nbd2 d5 5. g3 O-O 6. Bg2 c6 7. O-O Qe7 8.
Qc2 Rd8 9. e4 dxe4 10. Nxe4 Nxe4 11. Qxe4 h6 12. Rd1 Nd7 13. Bf4 Nf6 14. Qe2
Bd6 15. Ne5 Bd7 16. Rac1 Rac8 17. c5 Bb8 18. Qf3 Nd5 19. Bd2 Bxe5 20. dxe5
b6 21. b4 a5 22. bxa5 bxc5 23. Qa3 Ra8 24. Rxc5 Qe8 25. h4 Rdb8 26. Bf1 Qd8
27. Rdc1 Qc7 28. Bd3 Qxe5 29. a6 Qc7 30. Qa4 Qd8 31. Qe4 Nf6 32. Qc4 Qb6 33.
Bf4 Rc8 34. Be5 Ne8 35. Qe4 g6 36. Qf4 Kh7 37. Qxf7+ {Black resigns} 1-0

[Event "ICCopen2017"]
[Site "Internet Chess Club"]
[Date "2017.04.02"]
[Round "4"]
[White "MaestroASK"]
[Black "Barbos"]
[Result "0-1"]
[ICCResult "White forfeits on time"]
[WhiteElo "2475"]
[BlackElo "2387"]
[Opening "Benko's opening"]
[ECO "A00"]
[NIC "VO.09"]
[Time "19:40:51"]
[TimeControl "180+0"]

1. g3 d5 2. d3 c6 3. e4 Nf6 4. Bg2 dxe4 5. dxe4 Qxd1+ 6. Kxd1 e5 7. f3 h5 8.
h4 a5 9. a4 Na6 10. Bh3 Bc5 11. Bxc8 Rxc8 12. Nh3 Ke7 13. Ke2 Rhd8 14. Nd2
Nb4 15. c3 Nd3 16. Rd1 Nxc1+ 17. Raxc1 Nd7 18. Nc4 Ra8 19. Nf2 b5 20. axb5
cxb5 21. Ne3 Bxe3 22. Kxe3 Nb6 23. Ke2 a4 24. Rxd8 Rxd8 25. Nd3 Nc4 26. Rb1
Na5 27. Nxe5 f6 28. Ng6+ Kf7 29. Nf4 g6 30. Nd5 f5 31. Kd3 fxe4+ 32. fxe4
Ke6 33. Kd4 Nc4 34. b4 Nd2 35. Rd1 Nb3+ 36. Ke3 Rc8 37. Nf4+ Kf7 38. Rd7+
Ke8 39. Rb7 Rxc3+ 40. Kf2 a3 41. Ra7 Rc2+ 42. Ke3 a2 43. Ra8+ Kd7 44. Ra7+
Kc8 45. Nxg6 a1=Q 46. Rxa1 Nxa1 47. Nf4 Rc4 48. Nxh5 Rxb4 49. Nf6 Rb3+ 50.
Kf4 b4 51. h5 Rb1 52. h6 Rh1 53. h7 b3 54. g4 b2 55. Nh5 Rf1+ 56. Ke5 Rf8
57. Nf6 b1=Q 58. Nd5 Qb2+ 59. Kd6 Qg7 60. e5 Qxh7 61. e6 Rd8+ 62. Kc6 Qb7+
63. Kc5 Rxd5+ {White forfeits on time} 0-1

[Event "ICCopen2017"]
[Site "Internet Chess Club"]
[Date "2017.04.02"]
[Round "4"]
[White "XR"]
[Black "Kruger"]
[Result "0-1"]
[ICCResult "White resigns"]
[WhiteElo "1389"]
[BlackElo "1710"]
[Opening "Sicilian: Hungarian variation"]
[ECO "B27"]
[NIC "SI.43"]
[Time "19:40:57"]
[TimeControl "180+0"]

1. e4 c5 2. Nf3 g6 3. c3 Bg7 4. d4 cxd4 5. cxd4 d5 6. e5 Bg4 7. Be2 Nc6 8.
O-O Bxf3 9. Bxf3 e6 10. Nc3 Nge7 11. Bg5 O-O 12. Qd2 Qb6 13. Rad1 Nf5 14.
Be3 Nxe3 15. fxe3 Bh6 16. Rde1 f6 17. exf6 Rxf6 18. Qf2 Raf8 19. b3 Ne7 20.
Na4 Qa5 21. Nc5 Qd8 22. Qh4 Nf5 23. Qh3 b6 24. Nd3 Bxe3+ 25. Kh1 Bxd4 26.
Nf4 Ne3 27. Nxe6 Qc8 28. Nxd4 Qxh3 29. Bxd5+ Nxd5 30. Rxf6 Qh4 31. Rxf8+
Kxf8 32. Rf1+ Ke7 33. Nc6+ Kd6 34. Nxa7 Nf4 35. Nb5+ Kc5 36. g3 Qh3 37. Rxf4
g5 38. Rf2 Kxb5 39. a4+ Kb4 40. Kg1 Qe6 41. Rf3 Qe2 42. Rf2 Qe3 43. Kg2 Qxb3
44. Kh3 Kxa4 45. Rf4+ {White resigns} 0-1

[Event "ICCopen2017"]
[Site "Internet Chess Club"]
[Date "2017.04.02"]
[Round "4"]
[White "DaveyJones"]
[Black "iliketal"]
[Result "0-1"]
[ICCResult "White forfeits on time"]
[WhiteElo "1543"]
[BlackElo "1777"]
[Opening "English: Anglo-Grünfeld defense"]
[ECO "A16"]
[NIC "EO.64"]
[Time "19:41:09"]
[TimeControl "180+0"]

1. c4 Nf6 2. Nc3 d5 3. cxd5 Nxd5 4. e4 Nxc3 5. bxc3 e6 6. Nf3 Be7 7. Bc4 O-O
8. O-O Nd7 9. d4 c5 10. Rb1 Nb6 11. Bd3 cxd4 12. cxd4 e5 13. dxe5 Qc7 14.
Be3 Bg4 15. Rc1 Qd7 16. Be2 Qe6 17. Nd4 Bxe2 18. Qxe2 Qxe5 19. Nf5 Qxe4 20.
Nxe7+ Qxe7 21. Qb5 Rfe8 22. h3 Qe5 23. Qb3 Nd5 24. Bc5 Nf4 25. Rfe1 Ne2+ 26.
Kf1 Qh2 {White forfeits on time} 0-1

[Event "ICCopen2017"]
[Site "Internet Chess Club"]
[Date "2017.04.02"]
[Round "4"]
[White "eltigrecu"]
[Black "Alinochka199217"]
[Result "0-1"]
[ICCResult "White forfeits on time"]
[WhiteElo "1928"]
[BlackElo "2528"]
[Opening "Trompowsky attack (Ruth, Opocenský opening)"]
[ECO "A45"]
[NIC "QP.07"]
[Time "19:40:45"]
[TimeControl "180+0"]

1. d4 Nf6 2. Bg5 e6 3. e4 h6 4. Bxf6 Qxf6 5. Nc3 Bb4 6. Nf3 d6 7. Bd3 Nc6 8.
O-O Bxc3 9. bxc3 O-O 10. Qe2 e5 11. Bb5 Bd7 12. d5 Nb8 13. Bxd7 Nxd7 14. Qb5
Nc5 15. Rab1 Qg6 16. Rfe1 a6 17. Qe2 Qh7 18. Nh4 g6 19. Qe3 f5 20. exf5 gxf5
21. Qg3+ Qg7 22. Ng6 Rf6 23. Nh4 Raf8 24. f4 e4 25. Qf2 Kh8 26. Re3 Qg4 27.
Rg3 Qh5 28. Re1 Qf7 29. Qe2 Rg8 30. Rxg8+ Kxg8 31. Qf2 Qxd5 32. Qg3+ Kh7 33.
Qh3 Ne6 34. c4 Qd4+ 35. Kh1 Nxf4 36. Nxf5 Nxh3 37. Nxd4 Nf2+ 38. Kg1 c5 39.
Nb3 Rf4 40. g3 Rf3 41. Kg2 Ng4 42. Rxe4 Rf2+ 43. Kh3 h5 44. Kh4 Kg6 45. h3
Nf6 46. Re6 Rxc2 47. Rxd6 Rxc4+ 48. g4 hxg4 49. hxg4 Rxg4+ 50. Kh3 Ra4 51.
Nxc5 Ra3+ {White forfeits on time} 0-1

[Event "ICCopen2017"]
[Site "Internet Chess Club"]
[Date "2017.04.02"]
[Round "4"]
[White "nino-dg"]
[Black "Chaos23"]
[Result "1-0"]
[ICCResult "Black resigns"]
[WhiteElo "2376"]
[BlackElo "1858"]
[Opening "Modern defense"]
[ECO "A40"]
[NIC "EO.35"]
[Time "19:40:45"]
[TimeControl "180+0"]

1. d4 g6 2. c4 Bg7 3. Nc3 c5 4. Nf3 cxd4 5. Nxd4 Nc6 6. e3 d6 7. Be2 Bd7 8.
O-O Nf6 9. b3 O-O 10. Bb2 a6 11. Qd2 Rb8 12. Rfd1 Nxd4 13. Qxd4 b5 14. Bf3
b4 15. Nd5 Ne8 16. Qd2 e6 17. Nf4 Bxb2 18. Qxb2 Qc7 19. Rd2 Bc6 20. Bxc6
Qxc6 21. Rad1 Rb7 22. h4 Re7 23. h5 g5 24. Ne2 f6 25. Qd4 f5 26. Ng3 h6 27.
f4 e5 28. Qd5+ Qxd5 29. Rxd5 Rf6 30. fxe5 dxe5 31. e4 f4 32. Nf5 Ra7 33. Rd8
Kf7 34. Rb8 a5 35. Rdd8 Re6 36. Rxe8 Rxe8 37. Nd6+ Ke7 38. Nxe8 a4 39. Ng7
axb3 40. Nf5+ Kd7 41. axb3 Ra1+ 42. Kf2 g4 43. Rxb4 Ra2+ 44. Kf1 g3 45. Rb5
Rf2+ 46. Kg1 Rb2 47. Rd5+ Ke6 48. Rd6+ Kf7 49. Nxh6+ Ke7 50. Nf5+ Ke8 51.
Rd1 Rxb3 52. h6 Rb7 53. Nd6+ Kf8 54. Nxb7 Kg8 55. c5 Kh7 56. c6 {Black
resigns} 1-0

[Event "ICCopen2017"]
[Site "Internet Chess Club"]
[Date "2017.04.02"]
[Round "4"]
[White "Sensei24"]
[Black "SurferRosa"]
[Result "1-0"]
[ICCResult "Black resigns"]
[WhiteElo "3022"]
[BlackElo "2603"]
[Opening "Bogo-Indian defense, Grünfeld variation"]
[ECO "E11"]
[NIC "QI.01"]
[Time "19:40:57"]
[TimeControl "180+0"]

1. d4 Nf6 2. c4 e6 3. Nf3 Bb4+ 4. Nbd2 O-O 5. e3 b6 6. Bd3 Bb7 7. O-O d5 8.
a3 Be7 9. cxd5 exd5 10. b4 Nbd7 11. Bb2 c5 12. bxc5 bxc5 13. dxc5 Nxc5 14.
Nb3 Nxd3 15. Qxd3 a5 16. Rfc1 Ba6 17. Qd4 Rb8 18. Nbd2 Qb6 19. Qxb6 Rxb6 20.
Bd4 Rb7 21. Ne5 Nd7 22. Nc6 Bf6 23. Nxa5 Bxd4 24. exd4 Rb2 25. Nf3 Nf6 26.
Nc6 g6 27. Nb4 Be2 28. Ne5 Rd2 29. Nbc6 Ra8 30. f3 Kg7 31. a4 Ne8 32. a5 Nd6
33. Nb4 f6 34. Nec6 Nc4 35. a6 Ne3 36. a7 Bb5 37. Ne7 Rxg2+ 38. Kh1 Be2 39.
Rc3 Bxf3 40. Rxe3 Ra2+ 41. Rxf3 Rxa1+ 42. Kg2 R8xa7 43. Nexd5 f5 44. Nf4 Rd1
45. Nbd3 Ra4 46. d5 Rd4 47. Ne6+ Kf6 48. Nxd4 {Black resigns} 1-0

[Event "ICCopen2017"]
[Site "Internet Chess Club"]
[Date "2017.04.02"]
[Round "4"]
[White "CaptainArcher"]
[Black "Revolutions"]
[Result "1-0"]
[ICCResult "Black checkmated"]
[WhiteElo "2237"]
[BlackElo "1826"]
[Opening "Queen's pawn: London system"]
[ECO "A45"]
[NIC "QP.07"]
[Time "19:41:43"]
[TimeControl "180+0"]

1. d4 Nf6 2. Bf4 g6 3. e3 Bg7 4. Nf3 O-O 5. Be2 d5 6. h3 c5 7. c3 Nc6 8.
Nbd2 Bf5 9. Qb3 Rc8 10. Qxb7 Re8 11. O-O Ne4 12. Rad1 Nxd2 13. Rxd2 Be4 14.
Qa6 e5 15. dxe5 Nxe5 16. Nxe5 Bxe5 17. Bxe5 Rxe5 18. Rfd1 Rb8 19. Bf1 Qe7
20. c4 d4 21. exd4 cxd4 22. b3 d3 23. Bxd3 Bxd3 24. Rxd3 Re1+ 25. Rxe1 Qxe1+
26. Kh2 Qe5+ 27. g3 Qe4 28. Qxa7 Ra8 29. Qe3 Qf5 30. a4 h5 31. h4 Ra6 32.
Qf3 Qe5 33. Qd5 Qb2 34. Rf3 Re6 35. c5 Qe2 36. c6 Re5 37. Qxf7+ Kh8 38. Qf8+
Kh7 39. Rf7# {Black checkmated} 1-0

[Event "ICCopen2017"]
[Site "Internet Chess Club"]
[Date "2017.04.02"]
[Round "4"]
[White "trianon"]
[Black "Ecalevol123"]
[Result "0-1"]
[ICCResult "White forfeits on time"]
[WhiteElo "2047"]
[BlackElo "1714"]
[Opening "QGD semi-Slav: Stoltz variation"]
[ECO "D45"]
[NIC "SL.08"]
[Time "19:41:45"]
[TimeControl "180+0"]

1. Nf3 d5 2. d4 c6 3. c4 Nf6 4. Nc3 e6 5. e3 Nbd7 6. Qc2 a6 7. Bd3 Bb4 8.
O-O O-O 9. c5 Bxc3 10. Qxc3 b6 11. cxb6 Qxb6 12. b3 c5 13. dxc5 Qxc5 14.
Qxc5 Nxc5 15. Be2 Nce4 16. Bb2 Bd7 17. Rfc1 Rfc8 18. Kf1 Kf8 19. Ne5 Ke8 20.
Nxd7 Kxd7 21. Rxc8 Kxc8 22. Rc1+ Kd7 23. f3 Nd6 24. b4 a5 25. b5 Rc8 26.
Rxc8 Nxc8 27. Bc3 a4 28. Bd1 Nb6 29. Ba5 Nc4 30. Bc3 Nxe3+ 31. Ke2 Nxd1 32.
Kxd1 Kc7 33. Bd4 Ne8 34. Kc2 f6 35. f4 Nd6 36. b6+ Kb7 37. Kb2 Nc4+ 38. Kc3
Nxb6 39. Kb4 Kc6 40. Ka5 Nc4+ 41. Kxa4 e5 42. fxe5 fxe5 43. Ba7 d4 44. Kb4
Kd5 45. a4 d3 46. Kc3 e4 47. Bb8 Nb6 48. a5 Nc4 49. a6 Nb6 50. a7 Na8 51.
Bf4 g6 {White forfeits on time} 0-1

[Event "ICCopen2017"]
[Site "Internet Chess Club"]
[Date "2017.04.02"]
[Round "4"]
[White "JayMarcel"]
[Black "KnightWalker"]
[Result "1-0"]
[ICCResult "Black forfeits on time"]
[WhiteElo "1716"]
[BlackElo "1328"]
[Opening "English: symmetrical, main line with d3"]
[ECO "A38"]
[NIC "EO.27"]
[Time "19:41:05"]
[TimeControl "180+0"]

1. c4 c5 2. Nc3 Nc6 3. g3 g6 4. Bg2 Bg7 5. Nf3 Nf6 6. O-O O-O 7. d3 d6 8.
Bd2 Bd7 9. Qc1 Qc8 10. Bh6 Bh3 11. Bxg7 Kxg7 12. a3 Bxg2 13. Kxg2 a6 14. Rb1
Rb8 15. b4 b6 16. e3 cxb4 17. axb4 Qc7 18. Qb2 e6 19. b5 axb5 20. Nxb5 Qe7
21. Ng5 Kg8 22. Rfd1 Nd7 23. Ne4 Nc5 24. Nexd6 Na4 25. Qa1 Ra8 26. Rbc1 Nc5
27. Qb2 Na4 28. Qc2 Nb4 29. Qb3 Nc6 30. Ra1 Nc5 31. Qc2 Nb4 32. Qc3 Rxa1 33.
Rxa1 Nbxd3 34. Ra7 Qg5 35. Qd4 Qe5 36. Qh4 Ne1+ 37. Kf1 Ncd3 38. Qe7 Qh5 39.
Nxf7 Qh3+ 40. Ke2 Qg4+ 41. Kd2 Qf3 42. Nh6+ {Black forfeits on time} 1-0

[Event "ICCopen2017"]
[Site "Internet Chess Club"]
[Date "2017.04.02"]
[Round "4"]
[White "refid"]
[Black "Mohammadmin"]
[Result "0-1"]
[ICCResult "White resigns"]
[WhiteElo "1847"]
[BlackElo "2181"]
[Opening "Queen's pawn game, Darooha variation "]
[ECO "D11"]
[NIC "QP.08"]
[Time "19:40:48"]
[TimeControl "180+0"]

1. d4 d5 2. Nf3 Nf6 3. c4 c6 4. Qc2 dxc4 5. Qxc4 Bf5 6. g3 e6 7. Bg2 Be7 8.
O-O Nbd7 9. e3 O-O 10. Qe2 Ne4 11. Nc3 Nxc3 12. bxc3 Be4 13. Bh3 Nf6 14. Nd2
Bg6 15. Bg2 Rc8 16. e4 c5 17. Nb3 b6 18. Bf4 Qd7 19. Rfe1 Qa4 20. Qb2 Rfd8
21. Rad1 cxd4 22. cxd4 Bb4 23. Bd2 Ba3 24. Qb1 Nd5 25. Qa1 Nb4 26. Bxb4 Bxb4
27. Re2 Bc3 28. Qb1 Bxd4 29. Red2 Bf6 30. Qc2 Qe8 31. Rxd8 Rxd8 32. Rd2 Rxd2
33. Qxd2 Qd8 34. Qc2 h5 35. h4 Be5 36. Bf3 Qc7 37. Qd3 Kh7 38. Kg2 a5 39.
Qe2 a4 40. Nd2 Qc2 41. Bxh5 Qxa2 42. Bf3 Bc3 43. h5 Qxd2 44. hxg6+ fxg6 45.
Qc4 Bd4 46. Be2 Bc5 47. Kf3 Qd4 48. Qxe6 Qxf2+ 49. Kg4 Qxe2+ 50. Kh3 Qh5+
51. Kg2 a3 52. e5 Qe2+ 53. Kh3 a2 {White resigns} 0-1

[Event "ICCopen2017"]
[Site "Internet Chess Club"]
[Date "2017.04.02"]
[Round "4"]
[White "Bonao"]
[Black "Cjon"]
[Result "0-1"]
[ICCResult "White checkmated"]
[WhiteElo "1889"]
[BlackElo "1416"]
[Opening "Queen's pawn game"]
[ECO "D02"]
[NIC "QP.08"]
[Time "19:42:47"]
[TimeControl "180+0"]

1. d4 d5 2. Nf3 e6 3. Bf4 Be7 4. e3 h5 5. Bd3 g5 6. Be5 f6 7. Bg6+ Kf8 8.
Bg3 h4 9. Nbd2 hxg3 10. fxg3 Bd6 11. Qe2 Bxg3+ 12. Kd1 Bd6 13. c3 f5 14. Ne5
Bxe5 15. dxe5 Ne7 16. Bh5 g4 17. Bxg4 fxg4 18. Rf1+ Nf5 19. Qxg4 Ke7 20. Kc2
Nxe3+ 21. Kd3 Nxg4 22. h3 Nxe5+ 23. Kc2 Nf7 24. Rae1 e5 25. Nf3 e4 26. Nd4
Nc6 27. Nf5+ Bxf5 28. Rxf5 Qd7 29. Ref1 Raf8 30. a3 e3 31. Kd3 Qe6 32. Ke2
Rh4 33. R1f3 Re4 34. g4 Nd4+ 35. cxd4 Rxd4 36. g5 Rd2+ 37. Ke1 Qb6 38. g6
Qxb2 39. Rxe3+ Kd7 40. gxf7 Qc1# {White checkmated} 0-1

[Event "ICCopen2017"]
[Site "Internet Chess Club"]
[Date "2017.04.02"]
[Round "4"]
[White "Bojongrenged"]
[Black "EduZeraib"]
[Result "1-0"]
[ICCResult "Black checkmated"]
[WhiteElo "1680"]
[BlackElo "1391"]
[Opening "Anderssen's opening"]
[ECO "A00"]
[NIC "VO.14"]
[Time "19:41:52"]
[TimeControl "180+0"]

1. a3 d5 2. e4 d4 3. Bc4 e5 4. d3 Nf6 5. f4 Nc6 6. Nf3 Bg4 7. O-O Bd6 8. f5
Qe7 9. h3 Bh5 10. g4 Nxg4 11. hxg4 Bxg4 12. Qe1 O-O-O 13. Bg5 f6 14. Bd2 h5
15. Nh4 Qd7 16. Ng6 Rh6 17. Be6 Rxg6 18. Bxd7+ Rxd7 19. fxg6 Ne7 20. c3 Nxg6
21. b4 Rd8 22. a4 Rh8 23. Na3 h4 24. Nb5 Be7 25. cxd4 exd4 26. Bf4 h3 27.
Bh2 c6 28. Nxa7+ Kd8 29. Qg3 Nh4 30. Qb8+ Kd7 31. Qxh8 Nf3+ 32. Rxf3 Bxf3
33. Qc8# {Black checkmated} 1-0

[Event "ICCopen2017"]
[Site "Internet Chess Club"]
[Date "2017.04.02"]
[Round "4"]
[White "marjose"]
[Black "GYMEJR"]
[Result "1-0"]
[ICCResult "Black forfeits on time"]
[WhiteElo "1753"]
[BlackElo "1484"]
[Opening "Sicilian: Nimzovich-Rossolimo attack (without ...d6)"]
[ECO "B30"]
[NIC "SI.31"]
[Time "19:40:54"]
[TimeControl "180+0"]

1. e4 c5 2. Nf3 Nc6 3. Bb5 Nd4 4. Nxd4 cxd4 5. O-O Qb6 6. Ba4 g6 7. d3 Bg7
8. f4 e6 9. Nd2 Ne7 10. Nf3 O-O 11. Qe2 d6 12. Bb3 a5 13. a4 Bd7 14. Nh4 Kh8
15. Qg4 f5 16. exf5 exf5 17. Qh3 d5 18. Bd2 Rae8 19. Rae1 Bf6 20. Rxe7 Bxe7
21. Re1 Bxh4 22. Qxh4 Rxe1+ 23. Bxe1 Qf6 24. Qh6 b6 25. Bh4 Qg7 26. Qg5 Re8
27. Bxd5 Bxa4 28. b3 Bd7 29. Qg3 Be6 30. Bf3 Bg8 31. Bg5 h6 32. Qh3 Kh7 33.
Bh4 Bf7 34. Bf2 Re6 35. Qg3 Re7 36. h3 Rd7 37. Kh2 Bd5 38. Bd1 Bc6 39. Be1
Qf6 40. Bd2 Qe6 41. Qf2 Qd5 42. Bf3 Qd6 43. Bxc6 Qxc6 44. Qe2 Qd6 45. Qf3
Re7 46. Qf2 Qe6 47. Qxd4 Qe2 48. Bc3 {Black forfeits on time} 1-0

[Event "ICCopen2017"]
[Site "Internet Chess Club"]
[Date "2017.04.02"]
[Round "4"]
[White "NJSKing"]
[Black "Bryant-L"]
[Result "0-1"]
[ICCResult "White forfeits on time"]
[WhiteElo "2131"]
[BlackElo "1607"]
[Opening "French: Winawer, advance, Bogolyubov variation"]
[ECO "C17"]
[NIC "FR.10"]
[Time "19:40:39"]
[TimeControl "180+0"]

1. e4 e6 2. d4 d5 3. Nc3 Bb4 4. e5 c5 5. Bd2 Nc6 6. Nb5 Bxd2+ 7. Qxd2 Nxd4
8. Nxd4 cxd4 9. f4 Ne7 10. Nf3 Bd7 11. O-O-O Qc7 12. Nxd4 a6 13. Bd3 Rc8 14.
Kb1 Nc6 15. Nxc6 Bxc6 16. f5 O-O 17. Rde1 exf5 18. Bxf5 Rce8 19. Qg5 h6 20.
Qg3 Bd7 21. Bd3 Re6 22. Rhf1 Bb5 23. Bxb5 axb5 24. Qb3 Rc8 25. Rf2 Rxe5 26.
Ref1 Qd7 27. a3 f6 28. Rd2 Kh8 29. Rfd1 Rd8 30. Rd4 Qc6 31. Rb4 Re2 32. Rxb5
d4 33. Rxb7 Rxg2 34. Rb8 Qd7 35. Rxd8+ Qxd8 36. Qh3 Qd5 37. a4 Qe4 38. Rc1
Rg5 39. Qc8+ Kh7 40. Qc4 Qh4 41. b3 Qxh2 42. Qxd4 h5 43. Qd3+ Kh6 44. Qe3
Qd6 45. a5 Qb4 46. a6 Qa5 47. Qd3 Rb5 48. Rg1 g5 49. Qd6 Rb6 50. Qf8+ Kg6
51. Qg8+ Kh6 52. Qh8+ Kg6 53. Qg8+ Kf5 54. Rd1 Qxa6 55. Qh7+ Kg4 56. Qe4+
Kh3 57. Rh1+ Kg3 58. Qe3+ Kg4 59. Rg1+ Kf5 60. Qe4+ Kxe4 61. Re1+ Kf5 62.
Rd1 Kg6 63. Rd2 f5 64. Kb2 Qb5 65. Kc3 Qxb3+ {White forfeits on time} 0-1